 Dungeon Crawl Stone Soup version 0.30-b1-2-g02819fbbbe (webtiles) character file.

Game seed: 10349397317726432186

9 Alarkh the Sneak (level 2, -1/24 HPs)
             Began as a Demonspawn Delver on May 22, 2023.
             Slain by a phantom (5 damage)
             ... on level 5 of the Dungeon.
             The game lasted 00:00:32 (137 turns).

Alarkh the Sneak (Demonspawn Delver)                 Turns: 137, Time: 00:00:33

Health: -1/24      AC:  6    Str: 12    XL:     2   Next: 3%
Magic:  2/2        EV: 10    Int: 11    God:
Gold:   21         SH:  4    Dex: 14    Spells: 1/1 levels left

rFire   . .          .
                       - Unarmed
rCold   . . .        (no shield)
rNeg    . . .        h - +0 ring mail
rPois   .            i - +0 helmet
rElec   .            (no cloak)
rCorr   .            (no gloves)
SInv    .            (no boots)
Will    .....        (no amulet)
Stlth   ++           (no ring)
HPRegen 0.24/turn    (no ring)
MPRegen 0.08/turn

%: no passive effects
@: no status effects
A: large bone plates 1
a: no special abilities


You were on level 5 of the Dungeon.
You visited 1 branch of the dungeon, and saw 1 of its levels.

You collected 21 gold pieces.

Inventory:

Armour
 a - a +0 leather armour
 g - the +1 leather armour "Qaffehat" {-Tele Str+3 Int+3}
   (You found it on level 5 of the Dungeon)

   Str:       It affects your strength (+3).
   Int:       It affects your intelligence (+3).
   -Tele:     It prevents most forms of teleportation.
 h - a +0 ring mail (worn)
 i - a +0 helmet (worn)
Wands
 f - a wand of digging (3)
Scrolls
 b - a scroll of fog
 c - a scroll of magic mapping
 d - a scroll of fear
Potions
 e - a potion of haste


   Skills:
 - Level 3.0 Fighting
 - Level 1.7 Dodging
 - Level 4.5 Stealth
 + Level 2.5 Unarmed Combat


You had one spell level left.
You didn't know any spells.
Your spell library was empty.

Dungeon Overview and Level Annotations

Branches:
Dungeon (5/15)
 Temple: D:4-7

Altars:


Innate Abilities, Weirdness & Mutations

You are partially covered in large bone plates. (SH +4)


Message History

You closely miss the phantom.
The phantom is moderately damaged.
The phantom hits you.
The phantom blinks!
You blink.
You hit the phantom.
The phantom is moderately damaged.
The phantom closely misses you.
You miss the phantom.
The phantom is moderately damaged.
The phantom completely misses you.
You hit the phantom.
The phantom is moderately damaged.
The phantom hits you.
The phantom blinks!
You blink.
You hit the phantom but do no damage.
The phantom is moderately damaged.
The phantom barely misses you.
You barely miss the phantom.
The phantom is moderately damaged.
The phantom closely misses you.
You hit the phantom but do no damage.
The phantom is moderately damaged.
You barely miss the phantom.
The phantom is moderately damaged.
The phantom hits you.
You hit the phantom.
The phantom is moderately damaged.
The phantom hits you.
You are too injured to fight recklessly!
You are too injured to fight recklessly!
You completely miss the phantom.
The phantom is moderately damaged.
The phantom hits you.
* * * LOW HITPOINT WARNING * * *
The phantom blinks!
You blink.
You closely miss the phantom.
The phantom is moderately damaged.
You block the phantom's attack.
You barely miss the phantom.
The phantom is moderately damaged.
The phantom hits you.
You die...

#. ##.#.# #.# #.. .....
#.# #[###.#..# #.#
#..#..#..###.#..
#..§##......#.#
#.....#.# #.# #.###.#.#
#..
###########.###.#.####.#
#.§§..W@...............#
#.##########...........#
#. #.##.....#.## #.
#.##.###.#... #. #.##.#
#..... #. #.##.# #.####
#. #.##.. ..# #.
#.##.##### #.


You could see a phantom.

Vanquished Creatures
  An adder (D:5)
1 creature vanquished.

Notes
Turn   | Place    | Note
-------+----------+-------------------------------------------
     0 | D:5      | Alarkh the Demonspawn Delver began the quest for the Orb.
     0 | D:5      | Reached XP level 1. HP: 18/18 MP: 1/1
    79 | D:5      | Gained mutation: You are partially covered in large bone
                  | plates. (SH +4) [demonic ancestry]
    79 | D:5      | Reached XP level 2. HP: 24/24 MP: 2/2
   109 | D:5      | Identified the +1 leather armour "Qaffehat" {-Tele Str+3
                  | Int+3}
   116 | D:5      | Noticed a phantom
   137 | D:5      | Slain by a phantom

Illustrated notes

Levels and vault maps discovered:
D:5:      layout_loops_ring, serial_shops, shop, uniq_eustachio

Skill      XL: |  1 |
---------------+----+-----
Unarmed Combat | 2 |  2.5
Fighting       | |  3.0
Dodging        | |  1.7
Stealth        | |  4.5

Action                     || total
---------------------------++-------
  Melee: Unarmed           ||    26
    Use: Potion            ||     1
 Armour: Skin              ||     4
         Ring mail         ||     2
  Dodge: Dodged            ||    10
  Block: Other             ||     1
